Map: Overgrowth LE (Void)

Players

Musumeci

  • Race: Zerg Zerg
  • League: Diamond
  • Spawn Location: 1:00

Sunokasuri - Winner!

  • Race: Zerg Zerg
  • League: Diamond
  • Spawn Location: 7:00

VOD

Have the link to the VOD?

Description

Time

  • Played on: Jan. 7, 2017, 3:54 p.m.
  • Length: 20:04
Show
View Real Time Build Order
Export as new Build Order

Musumeci Zerg 

Build Orders: Hatch First, Zergling Baneling 

Get SALT Encoding   

  12  0:00  Drone  
  13  0:08  Drone  
  14  0:22  Overlord  
  14  0:42  Drone x3  
  17  0:57  Hatchery  
  17  1:01  Drone  
  17  1:02  Extractor  
  16  1:16  Evolution Chamber  
  15  1:28  Drone  
  15  1:29  Drone x2  
  18  1:40  Drone  
  19  1:51  Spawning Pool  
  19  1:52  Drone  
  19  2:10  Drone  
  19  2:12  Drone  
  19  2:15  Drone  
  22  2:19  Hatchery  
  22  2:20  Drone  
  23  2:22  Drone  
  23  2:37  Metabolic Boost  
  23  2:40  Zergling x2  
  23  2:42  Baneling Nest  
  23  2:47  Queen  
  25  2:57  Queen  
  27  2:59  Zergling x2  
  29  3:13  Overlord  
  29  3:26  Baneling x3  
  28  3:30  Overlord  
  28  3:33  Zergling x10  
  31  3:45  Zergling x4  
  33  3:52  Drone  
  34  3:56  Drone  
  34  3:57  Extractor  
  34  4:04  Baneling x2  
  34  4:15  Baneling x2  
  29  4:30  Zergling x2  
  29  4:31  Zergling x12  
  36  4:32  Baneling  
  36  4:33  Baneling  
  36  4:39  Baneling  
  35  5:00  Zergling x2  
  35  5:01  Zergling x4  
  37  5:26  Zergling x4  
  37  5:27  Zergling x10  
  37  5:45  Zergling x2  
  37  5:46  Zergling x10  
  41  5:54  Zergling x2  
  40  6:00  Baneling x7  
  33  6:35  Zergling x20  
  33  6:36  Zergling x2  
  37  6:49  Zergling x2  
  37  6:50  Zergling x2  
  39  6:57  Zergling x2  
  39  6:58  Zergling x6  
  43  7:04  Hatchery  
  43  7:07  Zergling x2  
  43  7:14  Hatchery  
  38  7:25  Zergling x8  
  35  7:34  Drone x4, Evolution Chamber  
  35  7:35  Baneling x2  
  35  7:36  Evolution Chamber  
  37  7:53  Drone  
  37  7:54  Drone x4  
  37  7:58  Lair  
  42  8:01  Drone  
  42  8:04  Extractor  
  42  8:05  Baneling x2, Extractor  
  41  8:11  Drone x3  
  44  8:14  Overlord x2  
  44  8:15  Overlord  
  43  8:45  Drone x5  
  43  8:46  Drone x3  
  51  8:50  Baneling  
  51  8:52  Baneling x7  
  51  8:56  Zergling x8  
  51  9:00  Spire  
  54  9:13  Drone x11  
  54  9:16  Baneling x2  
  63  9:33  Drone  
  63  9:34  Drone x5  
  63  9:35  Extractor  
  68  9:40  Extractor  
  68  9:45  Queen  
  69  10:13  Mutalisk x5  
  79  10:27  Overlord x4  
  68  10:44  Mutalisk x7  
  68  10:45  Mutalisk x2  
  68  10:49  Drone x6  
  92  10:57  Zergling x10  
  97  11:20  Zerg Flyer Armor Level 1  
  97  11:22  Drone  
  96  11:38  Mutalisk x7  
  110  11:40  Overlord  
  110  11:41  Overlord x5  
  110  11:45  Overlord x2  
  110  11:56  Spore Crawler  
  110  12:01  Spore Crawler x2  
  107  12:04  Spore Crawler  
  106  12:08  Spore Crawler  
  106  12:09  Baneling x4, Spore Crawler x2  
  106  12:11  Mutalisk  
  106  12:12  Mutalisk x2  
  109  12:18  Spore Crawler  
  108  12:27  Baneling x2  
  108  12:28  Baneling x2  
  106  12:38  Queen  
  106  12:43  Spine Crawler  
  105  12:44  Spine Crawler  
  105  12:46  Mutalisk x5  
  114  12:51  Zergling x2  
  114  12:52  Zergling x4  
  117  13:18  Mutalisk x6  
  103  13:38  Drone x6  
  109  13:44  Mutalisk x3  
  109  13:48  Hatchery  
  114  13:53  Mutalisk  
  114  13:54  Mutalisk  
  118  14:04  Baneling x3  
  118  14:14  Spore Crawler  
  118  14:15  Spore Crawler  
  110  14:32  Zergling x14  
  117  14:40  Zergling x6  
  117  14:43  Mutalisk  
  117  14:44  Mutalisk x2  
  127  14:53  Mutalisk  
  127  14:54  Mutalisk x5  
  138  15:03  Hatchery  
  138  15:04  Extractor  
  138  15:05  Extractor  
  126  15:23  Mutalisk x2  
  126  15:24  Mutalisk x2  
  124  15:31  Zergling x4  
  124  15:32  Zergling x18  
  130  15:53  Mutalisk x4  
  138  16:07  Mutalisk x2  
  110  16:46  Queen  
  112  16:50  Mutalisk x7  
  126  16:55  Zerg Flyer Weapons Level 1  
  126  17:07  Mutalisk x2  
  130  17:12  Zergling x2  
  130  17:13  Zergling x14  
  136  17:39  Mutalisk  
  136  17:40  Mutalisk x5  
  142  17:46  Spore Crawler  
  142  17:47  Spore Crawler x2  
  142  17:50  Evolution Chamber  
  120  17:52  Spore Crawler  
  109  18:00  Mutalisk  
  109  18:01  Mutalisk x2  
  63  18:16  Mutalisk  
  63  18:17  Mutalisk  
  41  18:34  Drone  
  42  18:40  Drone  
  30  19:20  Drone x5  
Show
View Real Time Build Order
Export as new Build Order

Sunokasuri Zerg - Winner!

Build Orders: Hatch First 

Get SALT Encoding   

  12  0:03  Drone  
  13  0:14  Overlord  
  13  0:18  Drone  
  14  0:32  Drone x2  
  16  0:38  Drone  
  17  0:52  Hatchery  
  17  0:56  Extractor  
  15  0:57  Drone  
  15  1:01  Drone  
  17  1:15  Spawning Pool  
  16  1:21  Extractor  
  16  1:23  Drone  
  16  1:29  Drone  
  17  1:37  Overlord  
  17  1:43  Drone  
  19  2:02  Zergling x4  
  19  2:03  Queen  
  19  2:05  Zergling x2  
  24  2:08  Queen  
  24  2:14  Drone  
  27  2:18  Drone  
  28  2:26  Zergling x4  
  28  2:29  Metabolic Boost  
  30  2:37  Baneling Nest  
  29  2:38  Drone  
  29  2:41  Drone  
  31  2:53  Drone x2, Evolution Chamber  
  31  2:57  Zergling x2  
  33  3:00  Overlord  
  33  3:08  Zergling x2  
  34  3:19  Zergling x8  
  39  3:20  Zergling x4  
  39  3:23  Zergling x2  
  39  3:26  Zergling x2  
  42  3:27  Zergling x2  
  42  3:33  Zergling x2  
  39  3:49  Baneling  
  39  3:50  Overlord  
  39  3:52  Baneling x2  
  39  3:57  Zerg Melee Weapons Level 1  
  39  4:06  Overlord  
  39  4:10  Hatchery  
  38  4:19  Overlord  
  38  4:22  Overlord  
  35  4:24  Overlord  
  35  4:25  Drone  
  35  4:27  Drone  
  35  4:30  Baneling  
  35  4:31  Baneling x2  
  37  4:34  Drone  
  37  4:37  Drone  
  39  4:41  Drone x2  
  39  4:44  Drone  
  42  4:47  Drone  
  42  4:52  Overlord  
  39  5:01  Drone x2  
  39  5:02  Drone  
  39  5:03  Drone  
  43  5:07  Zergling x2  
  44  5:16  Baneling x2  
  44  5:19  Zergling x4  
  45  5:27  Zergling x4  
  44  5:30  Queen  
  46  5:39  Overlord  
  42  5:46  Zergling x8  
  42  5:47  Zergling x8  
  41  5:51  Zergling x2  
  41  5:55  Baneling x3  
  42  6:00  Zergling x4  
  42  6:01  Evolution Chamber  
  44  6:04  Zergling x4  
  44  6:06  Zergling x2  
  44  6:10  Zergling x2  
  44  6:11  Zergling x2  
  48  6:16  Zergling x4  
  49  6:19  Baneling x3  
  49  6:24  Overlord  
  46  6:30  Overlord  
  41  6:35  Zergling x4  
  41  6:38  Drone  
  35  6:48  Drone x3  
  40  7:01  Zergling x6  
  40  7:02  Zergling x2  
  40  7:04  Baneling  
  42  7:19  Overlord  
  42  7:21  Overlord  
  40  7:23  Zergling x6  
  40  7:29  Baneling x3  
  41  7:30  Baneling x2  
  41  7:37  Queen  
  41  7:41  Drone  
  41  7:42  Drone  
  45  7:46  Drone, Extractor  
  45  7:51  Drone x2  
  46  7:55  Drone  
  48  8:02  Drone x3  
  51  8:09  Drone x2  
  51  8:10  Drone  
  54  8:17  Lair  
  54  8:24  Zergling x6  
  57  8:28  Drone  
  57  8:29  Drone  
  57  8:31  Drone  
  56  8:42  Zergling x2  
  56  8:43  Zergling x10  
  56  8:47  Drone x2  
  64  8:52  Drone x2  
  64  8:53  Drone  
  64  8:54  Drone  
  68  9:00  Drone x3  
  71  9:05  Drone  
  71  9:06  Drone x2  
  73  9:24  Extractor  
  73  9:26  Extractor  
  71  9:34  Spire  
  71  9:36  Drone x2  
  71  9:37  Drone x6  
  71  9:38  Drone x2  
  80  9:44  Drone x3  
  80  9:45  Drone x3  
  86  9:46  Overlord  
  86  9:50  Baneling x6  
  86  9:51  Baneling x3  
  86  9:53  Extractor  
  86  9:55  Extractor, Spore Crawler  
  86  9:57  Spore Crawler  
  86  9:58  Spore Crawler  
  64  10:46  Drone x2  
  64  10:47  Drone x3  
  64  10:48  Mutalisk  
  64  10:49  Mutalisk x8  
  87  11:01  Mutalisk  
  87  11:02  Mutalisk  
  91  11:07  Mutalisk  
  91  11:11  Spore Crawler  
  92  11:21  Mutalisk  
  92  11:22  Mutalisk  
  95  11:30  Zerg Flyer Armor Level 1  
  95  11:33  Drone x2  
  95  11:36  Overlord x3  
  97  11:43  Overlord x3  
  97  11:54  Mutalisk x4  
  97  11:57  Drone x2  
  97  11:58  Drone x6  
  113  12:08  Zergling x2  
  114  12:09  Zergling x12  
  114  12:11  Hatchery  
  114  12:13  Mutalisk  
  121  12:26  Overlord x4  
  121  12:34  Mutalisk x3  
  120  12:39  Mutalisk  
  120  12:41  Overlord x2  
  120  12:52  Mutalisk x3  
  120  12:53  Infestation Pit  
  125  13:00  Mutalisk  
  125  13:04  Zergling x18  
  136  13:09  Mutalisk  
  136  13:12  Queen  
  136  13:14  Mutalisk  
  136  13:19  Mutalisk  
  123  13:25  Zerg Flyer Weapons Level 1  
  115  13:31  Spore Crawler  
  115  13:33  Queen, Spore Crawler  
  115  13:36  Mutalisk x2, Extractor x2  
  117  13:45  Drone x5  
  117  13:46  Drone  
  123  13:52  Mutalisk, Hive  
  125  14:10  Mutalisk  
  125  14:11  Mutalisk x2  
  127  14:18  Mutalisk  
  118  14:31  Mutalisk x2  
  118  14:32  Mutalisk  
  124  14:39  Spore Crawler  
  124  14:41  Mutalisk  
  125  14:56  Mutalisk x3  
  131  15:03  Hatchery  
  128  15:15  Zergling x2  
  128  15:16  Zergling x6  
  128  15:18  Mutalisk  
  128  15:19  Mutalisk x3  
  120  15:29  Spire  
  120  15:31  Zergling x2  
  120  15:32  Zergling x40  
  140  15:53  Viper  
  140  15:57  Viper  
  125  16:37  Queen  
  114  16:56  Zergling x8  
  114  16:57  Zergling x42  
  139  17:03  Hatchery  
  139  17:04  Zerg Flyer Weapons Level 2  
  138  17:10  Mutalisk  
  140  17:17  Spore Crawler  
  137  17:32  Mutalisk x4  
  132  17:55  Extractor  
  126  18:03  Mutalisk x5  
  120  18:11  Mutalisk x3  
  103  18:14  Zergling x2  
  95  18:24  Mutalisk x2  
  99  18:28  Drone  
  99  18:29  Drone  
  101  18:40  Mutalisk x2  
  105  18:49  Mutalisk  
  105  18:54  Mutalisk  
  109  19:03  Mutalisk x2  
  113  19:15  Mutalisk  
  103  19:31  Mutalisk x2  
  96  19:39  Overlord  
  96  19:41  Zergling x20  
Tags
 
Add a new tag
Caveats
  • Supply blocks, unpowered buildings, or Contaminate may cause inaccurate times.
  • Supply counts are checked every 10 seconds.